 Dungeon Crawl Stone Soup version 0.19-a0-1895-g783e625 (webtiles) character file.

596 Amnesiac the Cleaver (level 7, -2/62 HPs)
             Began as a Deep Dwarf Berserker on Oct 18, 2016.
             Was a Believer of Trog.
             Slain by a worker ant (5 damage)
             ... while paralysed
             ... on level 6 of the Dungeon.
             The game lasted 00:03:56 (1020 turns).

Amnesiac the Cleaver (Deep Dwarf Berserker)         Turns: 1020, Time: 00:03:57

Health: -2/62      AC:  2    Str: 20    XL:     7   Next: 17%
Magic:  7/7        EV:  2    Int:  8    God:    Trog [**....]
Gold:   115        SH:  0    Dex: 14    Spells: 0 memorised, 6 levels left

rFire  . . .     SeeInvis .     a - +0 hand axe
rCold  . . .     Gourm    .     b - +0 animal skin
rNeg   . . .     Faith    .     (no shield)
rPois  .         Spirit   .     (no helmet)
rElec  .         Reflect  .     (no cloak)
rCorr  .         Harm     .     (no gloves)
MR     +....                    (no boots)
Stlth  +.........               (no amulet)
                                (no ring)
                                (no ring)

@: paralysed, lethally poisoned (-2 -> -37), exhausted, non-regenerating, slowed
A: damage resistance, recharge devices, sense surroundings 1, slow regeneration
3
a: Device Recharging, Berserk, Trog's Hand, Burn Spellbooks, Renounce Religion


You were on level 6 of the Dungeon.
You worshipped Trog.
Trog was pleased with you.
You were hungry.

You visited 1 branch of the dungeon, and saw 6 of its levels.
You also visited: Sewer.

You collected 115 gold pieces.

Inventory:

Hand Weapons
 a - a +0 hand axe (weapon)
Armour
 b - a +0 animal skin (worn)
 l - a +0 buckler
Wands
 c - a wand of heal wounds (1/9)
 m - a wand of disintegration (18/24)
 q - a wand of lightning (5/15)
Scrolls
 e - a scroll of remove curse {unknown}
 s - a scroll of identify {unknown}
 v - a scroll of enchant armour {unknown}
Potions
 f - a potion of flight {unknown}
 h - a potion of magic {unknown}
 k - 2 potions of resistance {unknown}
 n - a potion of heal wounds {unknown}
 o - a potion of degeneration {unknown}
 p - a potion of curing {unknown}
 t - a potion of berserk rage {unknown}
 u - a potion of might {unknown}
Books
 r - a book of Clouds

   Spells                             Type                      Level
   a - Mephitic Cloud                 Conjuration/Poison/Air       3
   b - Conjure Flame                  Conjuration/Fire             3
   c - Poisonous Cloud                Conjuration/Poison/Air       6
   d - Freezing Cloud                 Conjuration/Ice/Air          6
   e - Ring of Flames                 Charms/Fire                  7
   Trog disapproves of the use of such an item.
Comestibles
 d - 3 bread rations
 g - a chunk of flesh
 i - a beef jerky
 j - 3 meat rations


   Skills:
 - Level 3.0 Fighting
 + Level 9.0 Axes
 - Level 2.2 Armour
 - Level 2.1 Dodging


You had 6 spell levels left.
You didn't know any spells.

Dungeon Overview and Level Annotations

Branches:
Dungeon (6/15)
 Temple: D:4-7

Altars:

Annotations:
D:6 1 runed door


Innate Abilities, Weirdness & Mutations

You are resistant to damage.
You can recharge devices by infusing magical energy.
You passively map a small area around you.
You do not regenerate.


Message History

The killer bee stings you. The worker ant bites you.
* * * LOW HITPOINT WARNING * * *
You miss the killer bee.
The killer bee is lightly wounded.
You hit the scorpion. You slash the worker ant!
You feel sick. The killer bee barely misses you. The scorpion stings you!
* * * LOW HITPOINT WARNING * * *
You are more poisoned.
The scorpion poisons you!
You slash the killer bee!
The killer bee is almost dead.
You hit the scorpion but do no damage. You barely miss the worker ant.
You are no longer berserk.
You pass out from exhaustion.
You feel yourself slow down.
* * * LOW HITPOINT WARNING * * *
You feel sick. The killer bee stings you.
You are more poisoned.
The killer bee poisons you! The worker ant bites you.
You die...

,....##......#...........##,
............(.............
*#####..#......########.##
########'######## *** ,*
#.(.............# * *
#.......).......# **
#...รท#######....# *
#....#....y#....#
#....+..$ya@....#
#....#.b.ss#...(#
#....#######....#
#...............#
#...............#
########'######## ,
#<........... #########...#
, .# ,


You could see a scorpion, a worker ant, 2 killer bees and a giant cockroach.

Vanquished Creatures
  A soldier ant (D:6)
  An ice beast (D:5)
  A phantom (D:6)
  A bullfrog (D:6)
  6 worker ants
  A hound skeleton (D:5)
  2 river rats
  3 adders
  2 adder skeletons
  A leopard gecko (D:4)
  4 orcs (D:5)
  7 giant cockroaches
  4 bats
  A frilled lizard (D:1)
  A giant cockroach zombie (D:5)
  A goblin (D:3)
  A kobold (D:1)
  2 rats
  2 butterflies (D:6)
42 creatures vanquished.

Notes
Turn   | Place    | Note
-------+----------+-------------------------------------------
     0 | D:1      | Amnesiac the Deep Dwarf Berserker began the quest for the Orb.
     0 | D:1      | Reached XP level 1. HP: 20/20 MP: 1/1
   111 | D:2      | Reached XP level 2. HP: 27/27 MP: 2/2
   259 | D:3      | Reached skill level 4 in Axes
   301 | D:4      | Reached XP level 3. HP: 29/34 MP: 3/3
   394 | D:5      | Entered Level 5 of the Dungeon
   402 | D:5      | Found a glowing drain.
   413 | D:5      | Reached skill level 5 in Axes
   413 | D:5      | Reached XP level 4. HP: 27/42 MP: 4/4
   435 | Sewer    | Entered a sewer
   666 | D:5      | Reached ** piety under Trog
   676 | D:5      | Reached skill level 6 in Axes
   676 | D:5      | Reached XP level 5. HP: 49/49 MP: 5/5
   685 | D:5      | Noticed an ice beast
   729 | D:5      | Killed an ice beast
   729 | D:5      | Reached skill level 7 in Axes
   778 | D:5      | Reached XP level 6. HP: 21/56 MP: 6/6
   921 | D:6      | Found a runed door.
   939 | D:6      | Reached skill level 8 in Axes
   950 | D:6      | Found a runed door.
  1001 | D:6      | Noticed a soldier ant
  1010 | D:6      | Killed a soldier ant
  1010 | D:6      | Reached XP level 7. HP: 40/62 MP: 7/7
  1016 | D:6      | Reached skill level 9 in Axes
  1020 | D:6      | HP: 3/62 [poisoned by a scorpion]
  1020 | D:6      | Slain by a worker ant

Vault maps used:
D:1:      ldierk_water_garden, st_stairs_9
D:2:      wad_woods_pond, nicolae_overflow_hidden_temple, ecumenical_altar_2,
          nicolae_ru_path_of_blood
D:3:      chequers_temple_overflow_minitemple, grunt_ministairs_6
D:4:      grunt_ministairs_15, minmay_misc_feat_diagonals, minmay_misc_feat_x
D:5:      grunt_temple_overflow_open, portal_sewer_entry_a, first_bread
D:6:      lemuel_insect_pit, elyvilon_altar_4
Sewer:    sewer_minmay_w

Skill      XL: |  1  2  3  4  5  6  7 |
---------------+----------------------+-----
Fighting       | 3 |  3.0
Axes           | 4 5 6 7 8 9 |  9.0
Armour         | |  2.2
Dodging        | |  2.1

Action                   |  1- 3 |  4- 6 |  7- 9 || total
-------------------------+-------+-------+-------++-------
Melee: Hand axe          |    57 |    87 |    10 ||   154
Invok: Berserk           |     3 |     6 |       ||     9
Evoke: Wand              |       |     4 |       ||     4
  Use: Scroll            |       |     2 |       ||     2
 Stab: Sleeping          |     1 |       |       ||     1
  Eat: Chunk             |       |     8 |       ||     8
Armor: Animal skin       |    11 |     7 |     1 ||    19
Dodge: Dodged            |    38 |    51 |     7 ||    96
